 Dungeon Crawl Stone Soup version 0.22-a0-425-g89d60a1 (webtiles) character file.

536 JeffiDaFish the Skirmisher (level 7, 0/78 HPs)
             Began as an Ogre Chaos Knight on May 23, 2018.
             Succumbed to a worker ant's poison
             ... on level 4 of the Dungeon.
             The game lasted 00:08:03 (2757 turns).

JeffiDaFish the Skirmisher (Ogre Chaos Knight)      Turns: 2757, Time: 00:08:03

Health: 0/78       AC:  5    Str: 21    XL:     7   Next: 25%
Magic:  15/15      EV: 10    Int: 13    God:    Xom [*.....]
Gold:   133        SH:  0    Dex:  8    Spells: 6/6 levels left

rFire    + . .     SeeInvis .   l - +0 giant club
rCold    + . .     Gourm    .   (shield currently unavailable)
rNeg     . . .     Faith    .   b - +2 robe
rPois    +         Spirit   .   (helmet restricted)
rElec    +         Reflect  .   (no cloak)
rCorr    +         Harm     .   (gloves unavailable)
MR       .....                  (boots unavailable)
Stlth    +.........             d - amulet of magic regeneration
HPRegen  0.23/turn              f - +2 ring of strength
MPRegen  0.39/turn              j - ring of magical power

@: lethally poisoned (0 -> -5), resistant
A: large, unfitting armour, low mp 1, mutation resistance 1, tough skin 1,
subdued magic 1
a: Renounce Religion


You were on level 4 of the Dungeon.
You worshipped Xom.
You were a special plaything of Xom.
You were not hungry.

You visited 1 branch of the dungeon, and saw 4 of its levels.

You collected 133 gold pieces.

Inventory:

Hand Weapons
 a - a +0 hand axe of chaos
 l - a +0 giant club (weapon)
Armour
 b - a +2 robe (worn)
Jewellery
 d - an amulet of magic regeneration (around neck)
 f - a +2 ring of strength (left hand)
 j - a ring of magical power (right hand)
Scrolls
 h - 4 scrolls of identify
 i - 2 scrolls of magic mapping
Potions
 e - a potion of flight
Comestibles
 c - 7 rations
 k - a chunk of flesh


   Skills:
 * Level 7.4 Fighting
 - Level 5.2(5.3) Axes
 * Level 1.1(3.2) Maces & Flails
 + Level 3.6 Dodging


You had 6 spell levels left.
You didn't know any spells.
Your spell library was empty.

Dungeon Overview and Level Annotations

Branches:
Dungeon (4/15)
 Temple: D:4-7

Altars:
Ru
Xom


Innate Abilities, Weirdness & Mutations

You are too large for most types of armour.
You have tough skin. (AC +1)
Your magical capacity is low. (-10% MP)
You are somewhat resistant to further mutation.
Your spells are a little easier to cast, but a little less powerful.


Message History

Your base Maces & Flails skill increases to level 1!
* * * LOW HITPOINT WARNING * * *
You feel sick.
An adder skeleton comes into view.
* * * LOW HITPOINT WARNING * * *
You feel sick.
The adder skeleton moves out of view.
Things that are here:
an uncursed shortbow; 13 arrows; a centaur corpse You feel protected.
* * * LOW HITPOINT WARNING * * *
You feel sick.
* * * LOW HITPOINT WARNING * * *
You feel sick.
You see here an arrow.
You bludgeon the adder skeleton!!
You destroy the adder skeleton!
* * * LOW HITPOINT WARNING * * *
You feel sick.
You die...
Xom titters!

##.# #. ...#
#... #### #...+
#...# #######
#...# .......
+...+## #
#######
#.....####.###.#
#.......(.._....
#.....#@#..#../.
#.....#(#..# .
#.....#.#..#
#..(..#.#..#
##..###.#..#
#..# #.#...
###########..#
#.#...
.............#
#..
###########.##
#..


There were no monsters in sight!

Vanquished Creatures
  The ghost of adolchristin the Chopper, an amateur DDFi (D:3)
  2 ogres (D:4)
  A centaur (D:4)
  A worker ant (D:4)
  3 adders
  An adder zombie (D:2)
  An adder skeleton (D:4)
  3 worms
  3 dart slugs (D:1)
  6 leopard geckos
  2 ball pythons
  3 giant cockroaches
  10 goblins
  4 hobgoblins
  6 jackals (D:1)
  2 quokkas
  2 bats
  3 frilled lizards
  4 kobolds (D:1)
  A rat (shapeshifter) (D:2)
  10 rats
69 creatures vanquished.

Vanquished Creatures (collateral kills)
  A kobold (D:2)
1 creature vanquished.

Grand Total: 70 creatures vanquished

Notes
Turn   | Place    | Note
-------+----------+-------------------------------------------
     0 | D:1      | JeffiDaFish the Ogre Chaos Knight began the quest for the Orb.
     0 | D:1      | Reached XP level 1. HP: 24/24 MP: 1/1
   366 | D:1      | XOM: silly message
   378 | D:1      | Reached XP level 2. HP: 29/32 MP: 2/2
   590 | D:1      | Reached XP level 3. HP: 31/40 MP: 3/3
   608 | D:1      | Gained mutation: Your magical capacity is low. (-10% MP) [potion of mutation]
   608 | D:1      | Gained mutation: Your spells are a little easier to cast, but a little less powerful. [potion of mutation]
   608 | D:1      | Gained mutation: You are somewhat resistant to further mutation. [potion of mutation]
  1096 | D:2      | XOM: harmless Erth miscast
  1097 | D:2      | XOM: potion effect (invisibility)
  1102 | D:2      | Reached skill level 5 in Fighting
  1106 | D:2      | Reached XP level 4. HP: 39/50 MP: 3/3
  1196 | D:2      | Found a sacrificial altar of Ru.
  1444 | D:2      | Found a sacrificial altar of Ru.
  1623 | D:2      | XOM: harmless Erth miscast
  1779 | D:2      | XOM: harmless Erth miscast
  1875 | D:3      | Noticed adolchristin's ghost (amateur DDFi)
  1888 | D:3      | XOM: divination: magic mapping
  1889 | D:3      | XOM: butterfly on damage
  1892 | D:3      | Killed adolchristin's ghost
  1892 | D:3      | Reached skill level 6 in Fighting
  1892 | D:3      | Reached XP level 5. HP: 25/61 MP: 4/4
  1892 | D:3      | Reached XP level 6. HP: 27/68 MP: 5/5
  2449 | D:4      | XOM: harmless Chrm miscast
  2458 | D:4      | Reached skill level 5 in Axes
  2591 | D:4      | XOM: god gift: plate armour {god gift}
  2608 | D:4      | Reached skill level 7 in Fighting
  2744 | D:4      | XOM: scenery: create altars
  2744 | D:4      | HP: 2/71 [worker ant (3)]
  2751 | D:4      | Reached XP level 7. HP: 13/78 MP: 6/6
  2752 | D:4      | Reached skill level 1 in Maces & Flails
  2753 | D:4      | HP: 3/78 [poisoned by a worker ant]
  2755 | D:4      | HP: 1/78 [poisoned by a worker ant]
  2757 | D:4      | Succumbed to a worker ant's poison

Vault maps used:
D:1:      lightli_arrival_quake
D:2:      lemuel_round_altar, first_ration, nicolae_ru_sacrificial_ziggurat
D:3:      nrook_loot_triangle
D:4:      gup_sewer_entry_bowl, serial_bayou_pond_a

Skill      XL: |  1  2  3  4  5  6  7 |
---------------+----------------------+-----
Fighting       | 5 6 7 |  7.4
Axes           | 4 5 |  5.2
Dodging        | 3 |  3.6
Maces & Flails | 1 |  1.1

Action                   |  1- 3 |  4- 6 |  7- 9 || total
-------------------------+-------+-------+-------++-------
Melee: Hand axe          |   106 |   142 |       ||   248
       Giant club        |       |    35 |     2 ||    37
  Use: Potion            |     5 |     3 |     1 ||     9
       Scroll            |     3 |     3 |       ||     6
 Stab: Paralysed         |     1 |     3 |       ||     4
       Sleeping          |     1 |       |       ||     1
       Invisible         |       |     1 |       ||     1
  Eat: Chunk             |     1 |     5 |       ||     6
Armor: Robe              |    25 |    64 |     1 ||    90
Dodge: Dodged            |    57 |    93 |       ||   150

Table legend:
 A = Spawn XP
 B = Non-spawn XP
 C = Spawn XP percentage of total XP
 D = Spawn monster count
 E = Non-spawn monster count
 F = Spawn count percentage of total count
 G = Total turns spent on level
                    A         B        C        D         E        F      G
               +---------+---------+-------+---------+---------+-------+---------
         Total |       0 |     767 |   0.0 |       0 |      70 |   0.0 |  2757
               +---------+---------+-------+---------+---------+-------+---------
           D:1 |       0 |      63 |   0.0 |       0 |      31 |   0.0 |  1043
           D:2 |       0 |      72 |   0.0 |       0 |      25 |   0.0 |   808
           D:3 |       0 |     235 |   0.0 |       0 |       7 |   0.0 |   594
           D:4 |       0 |     397 |   0.0 |       0 |       7 |   0.0 |   312
               +---------+---------+-------+---------+---------+-------+---------
